 Dungeon Crawl Stone Soup version 0.28.0-53-g5a82cb258f (webtiles) character file.

Game seed: 4787760934751760747

25 NegativeXP the Sneak (level 3, 0/21 HPs)
             Began as a Kobold Brigand on July 7, 2022.
             Hit by a goblin thrown by Robin (2 damage)
             ... on level 2 of the Dungeon on July 8, 2022.
             The game lasted 00:08:51 (976 turns).

NegativeXP the Sneak (Kobold Brigand)                Turns: 976, Time: 00:08:52

Health: 0/21       AC:  3    Str:  8    XL:     3   Next: 20%
Magic:  3/3        EV: 14    Int: 12    God:
Gold:   45         SH:  0    Dex: 18    Spells: 2/2 levels left

rFire   . . .      SeeInvis .   a - +2 dagger
rCold   . . .      Faith    .   (no shield)
rNeg    . . .      Spirit   .   b - +0 robe
rPois   .          Reflect  .   (no helmet)
rElec   .          Harm     .   c - +0 cloak
rCorr   .          Rampage  .   (no gloves)
Will    .....                   (no boots)
Stlth   ++++......              (no amulet)
HPRegen 0.07/turn               (no ring)
MPRegen 0.08/turn               (no ring)

@: mighty
A: small, no large weapons, nightstalker 3
a: no special abilities


You were on level 2 of the Dungeon.
You visited 1 branch of the dungeon, and saw 2 of its levels.

You collected 45 gold pieces.

Inventory:

Hand Weapons
 a - a +2 dagger (weapon)
 i - the +7 staff of the Meek {protect, meekguard}
   (You found it on level 2 of the Dungeon)

   It grants its wielder temporary protection when it strikes (+7 to AC).
   It provides extra protection to wielders with little health.
Missiles
 d - 8 poisoned darts (quivered)
 e - 2 curare-tipped darts
 h - 5 stones
Armour
 b - a +0 robe (worn)
 c - a +0 cloak (worn)
Scrolls
 f - a scroll of identify


   Skills:
 + Level 2.2 Fighting
 + Level 3.1 Short Blades
 + Level 2.3 Throwing
 + Level 1.4 Dodging
 + Level 6.3 Stealth


You had 2 spell levels left.
You didn't know any spells.
Your spell library was empty.

Dungeon Overview and Level Annotations

Branches:
Dungeon (2/15)

Altars:

Annotations:
D:2 Robin


Innate Abilities, Weirdness & Mutations

You are small and have problems with some larger weapons.
You are completely attuned to the shadows.


Message History

Uppercase letters only, please.
You feel agile. x2
Things that are here:
a +0 dagger; a +0 club You puncture the hobgoblin!
You kill the hobgoblin!
The goblin closely misses you.
Things that are here:
a +0 dagger; a +0 club; a hobgoblin corpse You puncture the goblin!
You kill the goblin!
Items here: ))) ††.
A goblin comes into view. It is wielding a +0 club.
Robin of the Strong Arm comes into view.
They are wielding a +0 club.
A goblin comes into view. It is wielding a +0 dagger. x2
Robin shouts!
The hobgoblin shouts!
The goblin shouts! x2
The hobgoblin shouts!
You hit Robin.
Robin is moderately wounded.
You hear a shout!
Robin says, "My goblins will feast on your bones."
Robin roars a battlecry!
The goblins go into a battle-frenzy!
The hobgoblin hits you. The goblin hits you with a +0 club.
You puncture the hobgoblin!
You kill the hobgoblin!
Robin hits you with a +0 club. The goblin barely misses you.
The hobgoblin barely misses you. Robin throws the goblin at you!
You see here a hobgoblin corpse.
You barely miss the goblin. The hobgoblin closely misses you.
The goblin unwields a +0 hunting sling.
The goblin wields a +0 dagger.
The goblin hits you with a +0 dagger.
* * * LOW HITPOINT WARNING * * *
You puncture the goblin!
You kill the goblin!
The goblin hits you with a +0 club.
* * * LOW HITPOINT WARNING * * *
The hobgoblin barely misses you. Robin throws the goblin at you!
You die...

...g....#
........#
####.#...!#
...........#
............#
#......ggg...#
#.......g#####
#......g†####
#........@g.#
#........##)#
#........##.#
##########......
#...... #......
#.[....


You could see Robin, a hobgoblin (strong) and 3 goblins.

Vanquished Creatures
  A dart slug (D:1)
  6 goblins
  7 hobgoblins
  3 kobolds (D:1)
  A ball python (D:1)
  A frilled lizard (D:1)
  2 rats (D:1)
21 creatures vanquished.

Notes
Turn   | Place    | Note
-------+----------+-------------------------------------------
     0 | D:1      | NegativeXP the Kobold Brigand began the quest for the Orb.
     0 | D:1      | Reached XP level 1. HP: 12/12 MP: 1/1
   421 | D:1      | Reached XP level 2. HP: 16/17 MP: 2/2
   747 | D:1      | Reached skill level 6 in Stealth
   943 | D:2      | Found the +7 staff of the Meek {protect, meekguard}
   956 | D:2      | Reached XP level 3. HP: 18/21 MP: 3/3
   968 | D:2      | Noticed Robin
   975 | D:2      | HP: 1/21 [goblin/+0 club[Robin] (4)]
   976 | D:2      | Hit by a goblin thrown by Robin

Illustrated notes

Levels and vault maps discovered:
D:1:      mrwooster_arrival_statue_2, layout_basic
D:2:      layout_basic, hellmonk_ecumenical_altar_watching_god, serial_shops,
          shop, uniq_robin

Skill      XL: |  1  2 |
---------------+-------+-----
Short Blades   | 3 |  3.1
Stealth        | 6 |  6.3
Fighting       | |  2.2
Throwing       | |  2.3
Dodging        | |  1.4

Action                   || total
-------------------------++-------
Melee: Dagger            ||    66
  Use: Potion            ||     3
       Scroll            ||     2
 Stab: Sleeping          ||     5
Armor: Robe              ||     9
Dodge: Dodged            ||    34
